 Dungeon Sprint DCSS version 0.21-a0-201-g8501b10 (webtiles) character file.

17306 Kidiri the Eclecticist (level 12, -4/75 HPs)
             Began as a Deep Elf Fire Elementalist on Aug 18, 2017.
             Was the Champion of Vehumet.
             Slain by an alligator snapping turtle (34 damage)
             ... in the Dungeon (Sprint III: "The Ten Rune Challenge").
             The game lasted 00:20:48 (3773 turns).

Kidiri the Eclecticist (Deep Elf Fire Elementalist) Turns: 3773, Time: 00:20:49

Health: -4/75      AC:  6    Str:  5    XL:     12   Next: 17%
Magic:  17/35      EV: 21    Int: 26    God:    Vehumet [******]
Gold:   28         SH:  0    Dex: 15    Spells: 5/46 levels left

rFire    . . .     SeeInvis .   b - +0 dagger
rCold    . . .     Gourm    .   (no shield)
rNeg     . . .     Faith    .   a - +0 robe
rPois    +         Spirit   .   (no helmet)
rElec    .         Reflect  .   m - +0 cloak
rCorr    .         Harm     .   (no gloves)
MR       +....     NoTele   +   (no boots)
Stlth    ++........             (no amulet)
HPRegen  0.22/turn              (no ring)
MPRegen  0.24/turn              (no ring)

@: no status effects
A: yellow scales 1, poison resistance, wild magic 1
a: Renounce Religion


You were in the Dungeon.
You worshipped Vehumet.
Vehumet was exalted by your worship.
You were not hungry.

You visited 1 branch You collected 28 gold pieces.

Inventory:

Hand Weapons
 b - a +0 dagger (weapon)
Missiles
 e - 10 throwing nets (quivered)
Armour
 a - a +0 robe (worn)
 m - a +0 cloak (worn)
Scrolls
 i - a scroll of blinking
 n - 2 scrolls of holy word
 o - 3 scrolls of remove curse
 q - a scroll of torment
Potions
 d - 3 potions of curing
 f - a potion of haste
 g - a potion of magic
 h - 2 potions of berserk rage
 j - 3 potions of mutation
 l - a potion of might
 p - a potion of agility
 r - a potion of flight
Comestibles
 c - 4 chunks of flesh
 k - 20 royal jellies


   Skills:
 + Level 8.7 Fighting
 + Level 8.8 Short Blades
 + Level 8.9 Armour
 + Level 12.4 Dodging
 - Level 2.4 Stealth
 - Level 3.0 Unarmed Combat
 * Level 17.8 Spellcasting
 + Level 11.3 Conjurations
 + Level 11.8 Fire Magic
 + Level 8.6 Ice Magic
 + Level 6.4 Air Magic
 + Level 7.5 Earth Magic
 + Level 6.6 Poison Magic


You had 5 spell levels left.
You knew the following spells:

 Your Spells              Type           Power        Failure   Level  Hunger
a - Flame Tongue          Conj/Fire      #####        1%          1    None
b - Throw Flame           Conj/Fire      ######       1%          2    None
c - Conjure Flame         Conj/Fire      #######.     1%          3    None
d - Inner Flame           Hex/Fire       ######..     1%          3    None
e - Sticky Flame          Conj/Fire      #######.     1%          4    None
f - Fireball              Conj/Fire      #######...   1%          5    None
g - Bolt of Fire          Conj/Fire      #######...   1%          6    ###....
h - Throw Frost           Conj/Ice       ######       1%          2    None
i - Throw Icicle          Conj/Ice       #######.     1%          4    None
j - Airstrike             Air            ######....   1%          4    None
k - Stone Arrow           Conj/Erth      ######       1%          3    None
l - Olgreb's Toxic Radia  Pois           ######..     1%          4    None


Dungeon Overview and Level Annotations

Branches:
Dungeon (1/1)

Altars:
Cheibriados
Dithmenos
Elyvilon
Fedhas
Gozag
Hepliaklqana
Kikubaaqudgha
Makhleb
Nemelex Xobeh
Okawaru
Qazlal
Ru
Sif Muna
Trog
Uskayaw
Vehumet
Wu Jian
Xom
Yredelemnul
Zin
The Shining One
Beogh
Jiyva
Lugonu

Annotations:
D exclusion: 7 doors


Innate Abilities, Weirdness & Mutations

You are partially covered in yellow scales. (AC +2)
Your system is resistant to poisons. (rPois)
Your spells are a little harder to cast, but a little more powerful.


Message History

Casting: Conjure Flame
Confirm with . or Enter, or press ? or * to list all spells.
Aiming: Bolt of Fire
Press: ? - help, Shift-Dir - straight line, f - alligator snapping turtle
Aim: an alligator snapping turtle (lightly wounded)
The bolt of fire hits the alligator snapping turtle.
The alligator snapping turtle is moderately wounded.
Casting: Bolt of Fire
Confirm with . or Enter, or press ? or * to list all spells.
Aiming: Bolt of Fire
Press: ? - help, Shift-Dir - straight line, f/p - alligator snapping turtle
Aim: an alligator snapping turtle (flame, moderately wounded)
The bolt of fire hits the alligator snapping turtle.
The alligator snapping turtle is heavily wounded.
The alligator snapping turtle bites you from afar!!!
Ouch! That really hurt!
Unknown command.
The alligator snapping turtle is engulfed in blazing flames.
The alligator snapping turtle bites you from afar!!
You die...

#§≈§§§§≈≈÷≈'÷..%.#.≈♣♣♣♣♣♣♣
#≈≈≈≈§§≈≈≈♣♣♣♣♣♣♣#..♣♣
#≈≈§≈≈§.≈.♣ ###+♣♣♣♣♣
##+####'#######♣
♣♣♣♣.##..##
........)......♣♣
♣...##.##(#
#+#############'♣
♣♣.##.##%## #≈P..÷%.%....♣
♣..#(##...
..+≈≈...########♣♣
♣♣.##(##..
.J#≈≈≈......@..PP♣ ♣♣.##)#
## ..#≈≈≈≈P...P....P♣
♣.....# #
###########t############
▓...t........▓
▓§§........≈≈▓
▓§§≈....P.≈≈≈▓
▓≈≈§≈≈..≈≈§≈≈▓
▓≈≈≈≈≈≈≈≈≈≈≈≈▓
▓≈≈≈≈≈≈≈≈≈≈≈≈▓


You could see an alligator snapping turtle.

Vanquished Creatures
  Rupert (D)
  A kraken (D)
  Erolcha (D)
  4 death yaks (D)
  Urug (D)
  A lindwurm (D)
  A deep elf mage (D)
  2 black mambas (D)
  2 spiny frogs (D)
  A rime drake (D)
  A komodo dragon (D)
  A queen bee (D)
  3 wandering mushrooms (D)
  2 tyrant leeches (D)
  8 blink frogs (D)
  4 snapping turtles (D)
  5 redbacks (D)
  A shadow (D)
  A spatial vortex (D)
  A swamp drake (D)
  A necrophage (D)
  5 two-headed ogres (D)
  A water elemental (D)
  32 killer bees (D)
  A jelly (D)
  Crazy Yiuf (D)
  A wizard (D)
  A necromancer (D)
  3 humans (D)
  A kobold demonologist (D)
  An ooze (D)
  3 rats (D)
  2 fungi (D)
  A plant (D)
96 creatures vanquished.

Vanquished Creatures (others)
  2 draconian scorchers (D)
  6 hellions (D)
  3 yaktaurs (D)
  A plant (D)
  4 tentacles (D)
16 creatures vanquished.

Grand Total: 112 creatures vanquished

Notes
Turn   | Place    | Note
-------+----------+-------------------------------------------
     0 | D        | Kidiri the Deep Elf Fire Elementalist began the quest for the Orb.
     0 | D        | Reached XP level 1. HP: 10/10 MP: 6/6
    90 | D        | Killed a hellion
    91 | D        | Killed a hellion
    91 | D        | Killed a hellion
    94 | D        | Killed a hellion
    96 | D        | Killed a hellion
   134 | D        | Reached skill level 1 in Armour
   175 | D        | Killed a white draconian scorcher
   182 | D        | Killed a yaktaur
   195 | D        | Reached skill level 1 in Fighting
   195 | D        | Reached skill level 4 in Spellcasting
   195 | D        | Reached XP level 2. HP: 9/16 MP: 0/9
   199 | D        | Learned a level 2 spell: Throw Flame
   201 | D        | Killed a white draconian scorcher
   303 | D        | Killed a hellion
   324 | D        | Noticed Crazy Yiuf
   333 | D        | Killed Crazy Yiuf
   333 | D        | Reached skill level 5 in Spellcasting
   333 | D        | Reached XP level 3. HP: 21/21 MP: 6/12
   343 | D        | Learned a level 3 spell: Conjure Flame
   347 | D        | Learned a level 3 spell: Inner Flame
   404 | D        | Gained mutation: You have supernaturally acute eyesight. (SInv) [potion of mutation]
   404 | D        | Gained mutation: You are clumsy. (Dex -2) [potion of mutation]
   404 | D        | Gained mutation: You can translocate small distances at will. [potion of mutation]
   405 | D        | Lost mutation: You have supernaturally acute eyesight. (SInv) [potion of mutation]
   405 | D        | Lost mutation: You are clumsy. (Dex -2) [potion of mutation]
   405 | D        | Gained mutation: You evolve. [potion of mutation]
   405 | D        | Gained mutation: You tend to lose your temper in combat. [potion of mutation]
   405 | D        | Gained mutation: You are agile. (Dex +2) [potion of mutation]
   406 | D        | Lost mutation: You tend to lose your temper in combat. [potion of mutation]
   406 | D        | Lost mutation: You can translocate small distances at will. [potion of mutation]
   406 | D        | Lost mutation: You are agile. (Dex +2) [potion of mutation]
   406 | D        | Lost mutation: You evolve. [potion of mutation]
   406 | D        | Gained mutation: You are partially covered in yellow scales. (AC +2) [potion of mutation]
   406 | D        | Gained mutation: Your spells are a little harder to cast, but a little more powerful. [potion of mutation]
   406 | D        | Gained mutation: Your system is resistant to poisons. (rPois) [potion of mutation]
   409 | D        | Killed a yaktaur
   426 | D        | Noticed a water elemental
   430 | D        | Killed a water elemental
   430 | D        | Reached skill level 6 in Spellcasting
   430 | D        | Reached skill level 5 in Fire Magic
   430 | D        | Reached XP level 4. HP: 27/27 MP: 7/14
   436 | D        | Learned a level 4 spell: Sticky Flame
   477 | D        | Found a radiant altar of Vehumet.
   478 | D        | Found a deep blue altar of Sif Muna.
   478 | D        | Found an ancient bone altar of Kikubaaqudgha.
   478 | D        | Noticed a wizard
   480 | D        | Killed a wizard
   480 | D        | Reached skill level 5 in Dodging
   480 | D        | Reached skill level 7 in Spellcasting
   482 | D        | Noticed a sun demon
   482 | D        | Reached XP level 5. HP: 32/32 MP: 6/17
   494 | D        | Became a worshipper of Vehumet
   501 | D        | Learned a level 5 spell: Fireball
   553 | D        | Found a glowing silver altar of Zin.
   554 | D        | Found a glowing golden altar of the Shining One.
   554 | D        | Found a white marble altar of Elyvilon.
   554 | D        | Noticed a deep elf mage
   566 | D        | Killed a deep elf mage
   566 | D        | Reached skill level 10 in Spellcasting
   566 | D        | Reached XP level 6. HP: 39/39 MP: 10/21
   566 | D        | Reached XP level 7. HP: 44/44 MP: 10/23
   636 | D        | Found an ornate altar of the Wu Jian Council.
   636 | D        | Found a roughly hewn altar of Beogh.
   636 | D        | Found an iron altar of Okawaru.
   636 | D        | Found a bloodstained altar of Trog.
   636 | D        | Found a hide-covered altar of Uskayaw.
   636 | D        | Noticed a human
   639 | D        | Noticed a human
   639 | D        | Killed a human
   639 | D        | Reached skill level 1 in Short Blades
   639 | D        | Reached skill level 11 in Spellcasting
   640 | D        | Killed a human
   640 | D        | Reached * piety under Vehumet
   640 | D        | Offered knowledge of Magic Dart by Vehumet.
   640 | D        | Reached skill level 5 in Armour
   720 | D        | Found a basalt altar of Yredelemnul.
   720 | D        | Found a shadowy altar of Dithmenos.
   720 | D        | Found a sacrificial altar of Ru.
   731 | D        | Reached skill level 5 in Fighting
   981 | D        | Offered knowledge of Sandblast by Vehumet.
   981 | D        | Reached ** piety under Vehumet
   983 | D        | Noticed a shadow
   986 | D        | Killed a shadow
   986 | D        | Reached skill level 12 in Spellcasting
   986 | D        | Reached XP level 8. HP: 46/47 MP: 18/26
  1024 | D        | Found a blossoming altar of Fedhas.
  1024 | D        | Found a stormy altar of Qazlal.
  1024 | D        | Found a snail-covered altar of Cheibriados.
  1024 | D        | Found a burning altar of Makhleb.
  1024 | D        | Found a shimmering altar of Xom.
  1025 | D        | Found a hazy altar of Hepliaklqana.
  1025 | D        | Found an opulent altar of Gozag.
  1025 | D        | Found a sparkling altar of Nemelex Xobeh.
  1025 | D        | Found a corrupted altar of Lugonu.
  1025 | D        | Found a viscous altar of Jiyva.
  1107 | D        | Offered knowledge of Throw Frost by Vehumet.
  1107 | D        | Reached *** piety under Vehumet
  1220 | D        | Learned a level 2 spell: Throw Frost
  1236 | D        | Noticed a two-headed ogre
  1244 | D        | Killed a two-headed ogre
  1244 | D        | Offered knowledge of Throw Icicle by Vehumet.
  1244 | D        | Reached skill level 13 in Spellcasting
  1244 | D        | Reached skill level 1 in Ice Magic
  1308 | D        | Noticed a two-headed ogre
  1308 | D        | Noticed Erolcha
  1313 | D        | Killed a two-headed ogre
  1313 | D        | Reached XP level 9. HP: 45/53 MP: 17/28
  1320 | D        | Learned a level 4 spell: Throw Icicle
  1327 | D        | Killed Erolcha
  1327 | D        | Reached **** piety under Vehumet
  1327 | D        | Offered knowledge of Stone Arrow by Vehumet.
  1327 | D        | Reached skill level 5 in Short Blades
  1327 | D        | Reached skill level 14 in Spellcasting
  1332 | D        | Learned a level 3 spell: Stone Arrow
  1480 | D        | Killed a yaktaur
  1549 | D        | Reached skill level 1 in Earth Magic
  1553 | D        | Reached ***** piety under Vehumet
  1553 | D        | Offered knowledge of Airstrike by Vehumet.
  1570 | D        | Learned a level 4 spell: Airstrike
  1650 | D        | Noticed a queen bee
  1656 | D        | Reached skill level 10 in Dodging
  1657 | D        | Offered knowledge of Olgreb's Toxic Radiance by Vehumet.
  1657 | D        | Reached skill level 1 in Air Magic
  1662 | D        | Killed a queen bee
  1799 | D        | Learned a level 4 spell: Olgreb's Toxic Radiance
  1805 | D        | Reached XP level 10. HP: 55/61 MP: 23/30
  1847 | D        | Reached skill level 5 in Ice Magic
  1847 | D        | Reached ****** piety under Vehumet
  1847 | D        | Offered knowledge of Venom Bolt by Vehumet.
  1850 | D        | Reached skill level 1 in Poison Magic
  1851 | D        | Reached skill level 15 in Spellcasting
  2120 | D        | Offered knowledge of Bolt of Cold by Vehumet.
  2153 | D        | Reached skill level 10 in Fire Magic
  2216 | D        | Noticed a spiny frog
  2216 | D        | Noticed a spiny frog
  2218 | D        | Killed a spiny frog
  2222 | D        | Killed a spiny frog
  2329 | D        | Offered knowledge of Bolt of Fire by Vehumet.
  2576 | D        | Noticed a lindwurm
  2580 | D        | Killed a lindwurm
  2580 | D        | Reached skill level 10 in Conjurations
  2643 | D        | Reached skill level 16 in Spellcasting
  2644 | D        | Noticed Urug
  2663 | D        | Killed Urug
  2663 | D        | Reached XP level 11. HP: 49/67 MP: 2/33
  2831 | D        | Learned a level 6 spell: Bolt of Fire
  2869 | D        | Reached skill level 5 in Earth Magic
  2894 | D        | Offered knowledge of Orb of Destruction by Vehumet.
  3002 | D        | Noticed Rupert
  3007 | D        | Killed Rupert
  3007 | D        | Reached skill level 5 in Air Magic
  3007 | D        | Reached skill level 5 in Poison Magic
  3118 | D        | Noticed a death yak
  3119 | D        | Noticed a death yak
  3123 | D        | Noticed a death yak
  3123 | D        | Killed a death yak
  3123 | D        | Reached skill level 17 in Spellcasting
  3123 | D        | Killed a death yak
  3123 | D        | Offered knowledge of Poison Arrow by Vehumet.
  3125 | D        | Noticed a death yak
  3125 | D        | Killed a death yak
  3131 | D        | Killed a death yak
  3173 | D        | Noticed an azure jelly
  3173 | D        | Noticed an azure jelly
  3283 | D        | Noticed a kraken
  3289 | D        | Killed a kraken
  3289 | D        | Reached XP level 12. HP: 75/75 MP: 7/35
  3478 | D        | Noticed an alligator snapping turtle
  3482 | D        | Offered knowledge of Lehudib's Crystal Spear by Vehumet.
  3482 | D        | Offered knowledge of Shatter by Vehumet.
  3482 | D        | Offered knowledge of Ignition by Vehumet.
  3773 | D        | Slain by an alligator snapping turtle

Vault maps used:
D:        dungeon_sprint_mu

Skill      XL: |  1  2  3  4  5  6  7  8  9 10 11 |
---------------+----------------------------------+-----
Conjurations   | 2 3 4 6 7 8 9 10 11 | 11.3
Armour         | 1 2 3 4 5 6 7 8 |  8.9
Fighting       | 1 2 4 5 6 7 8 |  8.7
Dodging        | 3 4 5 7 8 9 10 11 12 | 12.4
Spellcasting   | 4 5 6 7 10 12 13 14 16 17 | 17.8
Fire Magic     | 4 5 6 7 8 9 10 11 | 11.8
Unarmed Combat | 3 |  3.0
Short Blades   | 2 4 5 7 8 |  8.8
Ice Magic      | 2 4 6 8 |  8.6
Earth Magic    | 2 4 7 |  7.5
Air Magic      | 1 4 6 |  6.4
Poison Magic   | 3 6 |  6.6
Stealth        | |  2.4

Action                   |  1- 3 |  4- 6 |  7- 9 | 10-12 || total
-------------------------+-------+-------+-------+-------++-------
Melee: Dagger            |       |       |       |     5 ||     5
 Cast: Flame Tongue      |    21 |     2 |    39 |    28 ||    90
       Throw Flame       |     1 |     1 |     2 |       ||     4
       Conjure Flame     |     1 |       |     7 |     7 ||    15
       Sticky Flame      |       |     3 |    10 |     7 ||    20
       Fireball          |       |       |     9 |     5 ||    14
       Inner Flame       |       |       |     3 |     1 ||     4
       Throw Icicle      |       |       |     2 |    13 ||    15
       Airstrike         |       |       |     2 |       ||     2
       Olgreb's Toxic Ra |       |       |       |    11 ||    11
       Stone Arrow       |       |       |       |     5 ||     5
       Bolt of Fire      |       |       |       |    37 ||    37
  Use: Scroll            |     4 |       |       |       ||     4
       Potion            |     3 |       |     1 |     1 ||     5
 Stab: Sleeping          |       |       |       |     2 ||     2
  Eat: Royal jelly       |       |       |     4 |       ||     4
       Chunk             |       |       |       |     3 ||     3
       Bread ration      |       |       |       |     1 ||     1
Armor: Robe              |     2 |       |     1 |     3 ||     6
Dodge: Dodged            |     4 |     2 |    31 |    26 ||    63
